AoeStats
← Skall

Arabia

510190882Analyzed
1v1 RM · 1d ago on Sep 29, 2026· 21m 12s· 2 players
Game mode
Random Map
Map size
Tiny (2 player)
Population
200
Speed
Normal
Resources
Standard
Victory
Conquest
Starting age
Dark Age
Ending age
Imperial Age
RankedLock teamsTeams togetherTeam positionsShared explorationLock speedFull tech treeHidden civsTurbo modeCheats
Victory
Defeat
🇪🇸 Bohemians · Spain
1124
+14
🇦🇷 Inca · Argentina
1090
-14
Nanomanzo
9:48 Feudal Age
8:03 Loom
15:23 Castle Age
Skall
4:10 Loom
10:50 Feudal Age
11:58 Horse Collar
12:05 Double-Bit Axe
16:11 Wheelbarrow
15:22 Champi Runner
17:29 Gold Mining
18:37 Forging
18:28 Scale Mail Armor
Connection lost

Rejoining the realm…

Still unreachable

The connection could not be restored.

Session expired

The server has moved on; the page needs a fresh start.